 Dungeon Crawl Stone Soup version 0.28-a0-535-g6f645e4c1d (webtiles) character file.

Game seed: 1055040613589520321

46 heikuro the Covered (level 3, -11/30 HPs)
             Began as a Formicid Fighter on Sept 26, 2021.
             Mangled by an ogre (21 damage)
             ... on level 2 of the Dungeon.
             The game lasted 00:02:01 (1763 turns).

heikuro the Covered (Formicid Fighter)              Turns: 1763, Time: 00:02:02

Health: -11/30     AC:  8    Str: 21    XL:     3   Next: 95%
Magic:  3/3        EV:  9    Int: 13    God:
Gold:   36         SH:  4    Dex: 10    Spells: 2/2 levels left

rFire   . . .      SeeInvis +   a - +0 war axe
rCold   . . .      Faith    .   c - +0 buckler
rNeg    . . .      Spirit   .   b - +0 scale mail
rPois   .          Reflect  .   (helmet unavailable)
rElec   .          Harm     .   (no cloak)
rCorr   .          Rampage  .   (no gloves)
Will    .....                   l - +0 pair of boots
Stlth   ..........              (no amulet)
HPRegen 0.10/turn               n - +6 ring of intelligence
MPRegen 0.08/turn               (no ring)

@: mighty
A: permanent stasis, dig shafts and tunnels, antennae 3, four strong arms
a: Dig, Shaft Self


You were on level 2 of the Dungeon.
You visited 1 branch of the dungeon, and saw 2 of its levels.

You collected 36 gold pieces.

Inventory:

Hand Weapons
 a - a +0 war axe (weapon)
Missiles
 p - 5 boomerangs (quivered)
Armour
 b - a +0 scale mail (worn)
 c - a +0 buckler (worn)
 l - a +0 pair of boots (worn)
Jewellery
 n - a +6 ring of intelligence (left hand)
Scrolls
 e - 2 scrolls of noise {unknown}
 i - a scroll of summoning {unknown}
 k - a scroll of magic mapping {unknown}
 m - a scroll of identify {unknown}
 o - a scroll of enchant armour {unknown}
Potions
 f - a potion of brilliance {unknown}
 g - 2 potions of haste {unknown}
 h - a potion of resistance {unknown}
 j - a potion of attraction {unknown}


   Skills:
 + Level 3.7 Fighting
 * Level 3.1 Axes
 + Level 3.7 Armour
 - Level 3.6 Shields


You had 2 spell levels left.
You didn't know any spells.
Your spell library was empty.

Dungeon Overview and Level Annotations

Branches:
Dungeon (2/15)

Altars:


Innate Abilities, Weirdness & Mutations

You cannot be hasted, slowed, berserked, paralysed or teleported.
You can dig through walls and to a lower floor.
You have a pair of large antennae on your head. (SInv)
Your four strong arms can wield two-handed weapons with a shield.


Message History

The gnoll is heavily wounded.
The gnoll barely misses you.
Unknown command.
The gnoll hits you with a +0 whip.
Unknown command.
There is an open door here.
The gnoll hits you but does no damage.
Things that are here:
a +0 club; a goblin corpse You see here 22 arrows.
There is an open door here.
There is an open door here.
You open the door.
The ogre shouts!
The gnoll closely misses you.
You feel very mighty all of a sudden. The gnoll barely misses you.
You barely miss the gnoll.
The gnoll is heavily wounded.
The gnoll hits you with a +0 whip. The gnoll barely misses you.
You slash the gnoll!
You kill the gnoll!
The gnoll closely misses you. You block the gnoll's attack.
You closely miss the ogre. You hit the gnoll. You block the ogre's attack.
The gnoll completely misses you.
The gnoll hits you from afar with a +0 halberd!
You slice the ogre!!
The ogre is severely wounded.
You hit the gnoll. The ogre completely misses you.
You block the gnoll's attack.
The gnoll hits you from afar with a +0 halberd.
The gnoll hits you with a +0 flail.
* * * LOW HITPOINT WARNING * * *
You slash the ogre!
The ogre is almost dead.
You slash the gnoll!
You kill the gnoll!
The ogre hits you with a +0 giant club!!
Ouch! That really hurt!
You die...

#####...####................##
..O.<......'.................#
#####...####................#####
#..## #.......#.#.#........ #.##
##.....##.#.#..###### #.# ##...#
#.#.#..#### # #.# ##'#
#.#.......# # #.# #O# #.###..##.#
# #.# #@# ###..##.# # #.# ##)##
.....##.### #.# ##gg.##
###........ #.# ##.....####
#####.### #.# #.........#######.#
#.#######.##.####.........#
#.........##.# ###########
############.# #.#


You could see an ogre and 2 gnolls.

Vanquished Creatures
  2 gnolls (D:2)
  An adder (D:2)
  An endoplasm (D:2)
  2 giant cockroaches (D:1)
  2 goblins
  4 hobgoblins
  2 jackals (D:1)
  3 ball pythons
  5 bats
  3 frilled lizards
  A kobold (D:1)
  2 rats (D:1)
28 creatures vanquished.

Vanquished Creatures (others)
  3 fungi (D:2)
  3 plants (D:1)
6 creatures vanquished.

Grand Total: 34 creatures vanquished

Notes
Turn   | Place    | Note
-------+----------+-------------------------------------------
     0 | D:1      | heikuro the Formicid Fighter began the quest for the Orb.
     0 | D:1      | Reached XP level 1. HP: 18/18 MP: 1/1
   719 | D:1      | Reached XP level 2. HP: 24/24 MP: 2/2
  1080 | D:2      | Reached XP level 3. HP: 29/29 MP: 3/3
  1306 | D:2      | Noticed an ogre
  1763 | D:2      | Mangled by an ogre

Illustrated notes

Levels and vault maps discovered:
D:1:      roderic_lyre, layout_basic, serial_bayou_crossing
D:2:      layout_loops_corners, serial_glass, glass_columns_b, glass_columns_a,
          uniq_crazy_yiuf_cottage

Skill      XL: |  1  2  3 |
---------------+----------+-----
Axes           | 3 |  3.1
Fighting       | |  3.7
Armour         | |  3.7
Shields        | |  3.6

Action                   || total
-------------------------++-------
Melee: War axe           ||    75
Throw: Boomerang         ||     5
 Abil: Dig               ||     1
  Use: Potion            ||     1
Armor: Scale mail        ||    38
Dodge: Dodged            ||    69
Block: Buckler           ||    29

Table legend: (Time is in decaauts)
 A = Elapsed time spent in this place.
 B = Non-inter-level travel time spent in this place.
 C = Inter-level travel time spent in this place.
 D = Time resting spent in this place.
 E = Time spent auto-exploring this place.
 F = Levels seen in this place.
 G = Mean time per level.
                   A        B        C        D        E       F      G
               +--------+--------+--------+--------+--------+-----+--------+
         Total |   1813 |   1678 |    135 |    177 |   1132 |   2 |  906.5 |
       Dungeon |   1813 |   1678 |    135 |    177 |   1132 |   2 |  906.5 |
               +--------+--------+--------+--------+--------+-----+--------+

Top non-repeatable levels by time:
     D:1: 1114 daAuts
     D:2: 698 daAuts
